 Seeded DCSS version 0.28-a0-983-g1de4e0787c (webtiles) character file.

Game seed: 12130800008223909736 (custom seed)

4 croobank the Sneak (level 1, -5/16 HPs)
             Began as an Octopode Delver on Dec 2, 2021.
             Slain by a worm (12 damage)
             ... on level 3 of the Dungeon.
             The game lasted 00:02:01 (356 turns).

croobank the Sneak (Octopode Delver)                 Turns: 356, Time: 00:02:02

Health: -5/16      AC:  1    Str: 11    XL:     1   Next: 60%
Magic:  1/1        EV: 13    Int: 12    God:
Gold:   34         SH:  0    Dex: 13    Spells: 0/0 levels left

rFire   . . .      SeeInvis .   a - +0 hand axe
rCold   . . .      Faith    .   (no shield)
rNeg    . . .      Spirit   .   (helmet restricted)
rPois   .          Reflect  .   (no amulet)
rElec   .          Harm     .   (no ring)
rCorr   .          Rampage  .   (no ring)
Will    .....                   (no ring)
Stlth   ++++......              (no ring)
HPRegen 0.05/turn               (no ring)
MPRegen 0.07/turn               (no ring)
                                (no ring)
                                (no ring)

@: no status effects
A: almost no armour, amphibious, 8 rings, camouflage 1, gelatinous body 1,
(nimble swimmer 1), tentacles
a: no special abilities


You were on level 3 of the Dungeon.
You visited 1 branch of the dungeon, and saw 3 of its levels.

You collected 34 gold pieces.

Inventory:

Hand Weapons
 a - a +0 hand axe (weapon)
 j - a +1 short sword of speed
Missiles
 i - 5 curare-tipped darts (quivered)
Wands
 f - a wand of digging (3)
 g - a wand of iceblast (7)
Scrolls
 b - a scroll of fog
 c - a scroll of magic mapping
 d - 2 scrolls of fear
 h - a scroll of noise {noise, unknown}
Potions
 e - a potion of haste


   Skills:
 + Level 3.0 Fighting
 + Level 2.0 Axes
 + Level 2.0 Dodging
 + Level 6.8 Stealth


You couldn't memorise any spells.
You didn't know any spells.
Your spell library was empty.

Dungeon Overview and Level Annotations

Branches:
Dungeon (5/15)
 Temple: D:4-7

Altars:


Innate Abilities, Weirdness & Mutations

You cannot wear most types of armour.
You are amphibious.
You can wear up to eight rings at the same time.
Your skin changes colour to match your surroundings (Stealth+).
Your rubbery body absorbs attacks. (AC +1, EV +1)
((You are camouflaged near water. (Stealth+)))
You have tentacles for arms and can constrict up to eight enemies at once.


Message History

a +1 short sword of speed; a +0 leather armour; an orc corpse
j - a +1 short sword of speed You start resting.
HP restored.
Found 16 gold pieces.
You hit the plant but do no damage. You grab the plant.
You constrict the plant.
The plant begins to die.
You hit the plant. You squeeze the plant!
The plant is lightly damaged.
You constrict the plant.
You release your grip on the plant.
A nearby plant withers and dies.
You now have 34 gold pieces (gained 16).
A hobgoblin comes into view.
The hobgoblin shouts!
A worm comes into view.
You see here a scroll of fear.
d - 2 scrolls of fear (gained 1)
The hobgoblin barely misses you.
You closely miss the hobgoblin. You grab the hobgoblin.
You squeeze the hobgoblin, but do no damage.
You constrict the hobgoblin, but do no damage.
The hobgoblin hits you.
You hit the hobgoblin but do no damage. You squeeze the hobgoblin.
The hobgoblin is moderately wounded.
You constrict the hobgoblin. The hobgoblin barely misses you.
You completely miss the hobgoblin.
You squeeze the hobgoblin, but do no damage.
The hobgoblin is heavily wounded.
You constrict the hobgoblin. The hobgoblin hits you.
You hit the hobgoblin. You squeeze the hobgoblin.
You kill the hobgoblin!
You hit the worm. You grab the worm.
The worm is lightly wounded.
You constrict the worm. The worm bites you.
You hit the worm.
The worm is moderately wounded.
You constrict the worm. The worm bites you!
Ouch! That really hurt!
You die...

.≈≈≈P≈≈≈P ........ ≈≈≈≈≈≈
PP≈≈≈ ♣≈P≈ #≈≈♣ ♣♣♣ ≈.≈≈
####.w#######≈♣ P≈.≈≈
####....@........♣♣ ≈≈.≈≈
#........########≈♣♣≈≈.≈≈
#.##......# ##≈♣♣≈≈≈.≈≈
.....#...## #≈♣♣♣P≈≈.P≈
#.## ##.## #♣≈≈≈≈≈≈.≈P #
#.# ##♣≈≈≈≈≈≈.≈≈ #.#
##≈≈≈≈≈≈≈≈.≈≈ ..#
#≈≈≈≈≈≈P≈≈.≈≈ ...
##≈≈≈≈≈≈P≈.≈≈


You could see a worm.

Vanquished Creatures
  An orc (D:3)
  A hobgoblin (D:3)
  A bat (D:3)
3 creatures vanquished.

Vanquished Creatures (others)
  5 plants (D:3)
5 creatures vanquished.

Grand Total: 8 creatures vanquished

Notes
Turn   | Place    | Note
-------+----------+-------------------------------------------
     0 | D:5      | croobank the Octopode Delver began the quest for the Orb.
     0 | D:5      | Reached XP level 1. HP: 16/16 MP: 1/1
   356 | D:3      | Slain by a worm

Illustrated notes

Levels and vault maps discovered:
D:3:      layout_loops_corners, serial_bayou, serial_bayou_pond_c,
          serial_bayou_lagoon_b, serial_bayou_pond_c, serial_bayou_pond_e,
          uniq_pargi, uniq_jessica
D:4:      layout_basic, marbit_many_paths, minmay_temple_entry_enclosed_plants,
          hex_intersection
D:5:      layout_rooms, uniq_sigmund

Action                   || total
-------------------------++-------
Melee: Hand axe          ||    16
       Constrict         ||     6
       Tentacles         ||     6
 Stab: Sleeping          ||     1
Dodge: Dodged            ||     8

Table legend: (Time is in decaauts)
 A = Elapsed time spent in this place.
 B = Non-inter-level travel time spent in this place.
 C = Inter-level travel time spent in this place.
 D = Time resting spent in this place.
 E = Time spent auto-exploring this place.
 F = Levels seen in this place.
 G = Mean time per level.
                   A        B        C        D        E       F      G
               +--------+--------+--------+--------+--------+-----+--------+
         Total |    358 |    358 |      0 |    214 |     11 |   3 |  119.3 |
       Dungeon |    358 |    358 |      0 |    214 |     11 |   3 |  119.3 |
               +--------+--------+--------+--------+--------+-----+--------+

Top non-repeatable levels by time:
     D:3: 321 daAuts
     D:5: 28 daAuts
     D:4: 8 daAuts
